 Dungeon Crawl Stone Soup version 0.20.1-4-g4af34eaf8e (webtiles) character file.

74 Alfie the Shooter (level 4, 0/37 HPs)
             Began as a Minotaur Hunter on Feb 24, 2020.
             Slain by a hobgoblin (3 damage)
             ... on level 3 of the Dungeon.
             The game lasted 00:06:14 (1507 turns).

Alfie the Shooter (Minotaur Hunter)                 Turns: 1507, Time: 00:06:15

Health: 0/37       AC:  4    Str: 18    XL:     4   Next: 10%
Magic:  3/3        EV: 12    Int:  8    God:
Gold:   150        SH:  0    Dex: 10    Spells: 3/3 levels left

rFire    . . .     SeeInvis .   a - +1 shortbow
rCold    . . .     Gourm    .   (shield currently unavailable)
rNeg     . . .     Faith    .   c - +1 leather armour
rPois    .         Spirit   .   (helmet restricted)
rElec    .         Reflect  .   (no cloak)
rCorr    .         Harm     .   (no gloves)
MR       +....                  (no boots)
Stlth    +.........             (no amulet)
Regen    0.2/turn               p - ring of protection from magic
MPRegen  0.1/turn               (no ring)

@: flying
A: retaliatory headbutt, horns 2
a: no special abilities


You were on level 3 of the Dungeon.
You were not hungry.

You visited 1 branch of the dungeon, and saw 3 of its levels.

You collected 150 gold pieces.

Inventory:

Hand Weapons
 a - a +1 shortbow (weapon)
 b - a +0 short sword
Missiles
 d - 15 arrows (quivered)
 t - 8 steel tomahawks
Armour
 c - a +1 leather armour (worn)
Jewellery
 g - a cursed amulet of inaccuracy {unknown}
 p - a ring of protection from magic (left hand)
 r - an uncursed ring of flight {unknown}
 u - an uncursed ring of positive energy {unknown}
Scrolls
 h - a scroll of immolation {unknown}
 i - a scroll of remove curse
 k - 2 scrolls of magic mapping
 m - 2 scrolls of identify
 x - a scroll of enchant weapon {unknown}
Potions
 o - a potion of magic {unknown}
 q - a potion of haste {unknown}
 s - a potion of mutation {unknown}
Comestibles
 f - 6 bread rations
 j - 3 meat rations
 l - 4 fruits


   Skills:
 + Level 2.9 Fighting
 + Level 5.8 Bows
 + Level 0.8 Armour
 + Level 2.4 Dodging
 + Level 0.7 Stealth


You had 3 spell levels left.
You didn't know any spells.

Dungeon Overview and Level Annotations

Branches:
Dungeon (3/15)

Altars:
Ashenzari
Fedhas
Makhleb
Sif Muna
Trog
Vehumet
Xom

Annotations:
D:3 Alfie's ghost, amateur MiHu


Innate Abilities, Weirdness & Mutations

You reflexively headbutt those who attack you in melee.
You have a pair of horns on your head.


Message History

Press: ? - help, Shift-Dir - straight line, f/p - hobgoblin
Aim: a hobgoblin You shoot an arrow.
The arrow barely misses the hobgoblin.
The arrow hits the jackal.
The jackal is lightly wounded.
The hobgoblin misses you. You furiously retaliate!
You headbutt the hobgoblin.
Firing (i - inventory. (,) - cycle):
d - 17 arrows (quivered)
Press: ? - help, Shift-Dir - straight line, f/p - hobgoblin
Aim: a hobgoblin (heavily wounded)
You shoot an arrow. The arrow closely misses the hobgoblin.
The arrow hits the jackal.
The jackal is heavily wounded.
The hobgoblin barely misses you.
Firing (i - inventory. (,) - cycle):
d - 16 arrows (quivered)
Press: ? - help, Shift-Dir - straight line, f/p - hobgoblin
Aim: a hobgoblin (heavily wounded)
You shoot an arrow. The arrow hits the hobgoblin.
The hobgoblin is almost dead.
The hobgoblin hits you.
You die...

### #@# #g#
#####h#######
#...hS.......
####.###.#######
#.......(#
#........######
#.......(.......
#...............


You could see an adder, 2 jackals and a hobgoblin.

Vanquished Creatures
  An adder (D:2)
  2 worms (D:2)
  4 dart slugs
  2 leopard geckos
  An orc (D:3)
  7 bats
  5 giant cockroaches
  5 hobgoblins
  2 jackals (D:3)
  5 kobolds (D:2)
  A ball python (D:2)
  A frilled lizard (D:1)
  4 goblins (D:1)
  8 rats
48 creatures vanquished.

Notes
Turn   | Place    | Note
-------+----------+-------------------------------------------
     0 | D:1      | Alfie the Minotaur Hunter began the quest for the Orb.
     0 | D:1      | Reached XP level 1. HP: 18/18 MP: 0/0
   152 | D:1      | Reached XP level 2. HP: 25/25 MP: 1/1
   229 | D:1      | Reached skill level 5 in Bows
   423 | D:2      | Reached XP level 3. HP: 30/30 MP: 2/2
   518 | D:2      | Found a shimmering altar of Xom.
   876 | D:2      | Found a burning altar of Makhleb.
   877 | D:2      | Found a shattered altar of Ashenzari.
   878 | D:2      | Found a blossoming altar of Fedhas.
   878 | D:2      | Found a deep blue altar of Sif Muna.
   879 | D:2      | Found a radiant altar of Vehumet.
   879 | D:2      | Found a bloodstained altar of Trog.
  1219 | D:2      | Reached XP level 4. HP: 37/37 MP: 3/3
  1460 | D:3      | Noticed Alfie's ghost (amateur MiHu)
  1478 | D:3      | HP: 1/37 [Alfie's ghost (9)]
  1507 | D:3      | Slain by a hobgoblin

Skill      XL: |  1  2 |
---------------+-------+-----
Bows           | 5 |  5.8
Fighting       | |  2.9
Armour         | |  0.8
Dodging        | |  2.4
Stealth        | |  0.7

Action                   |  1- 3 |  4- 6 || total
-------------------------+-------+-------++-------
Melee: Short sword       |    15 |    17 ||    32
       Headbutt          |     2 |     2 ||     4
 Fire: Shortbow          |    84 |    21 ||   105
  Use: Scroll            |     4 |     2 ||     6
       Potion            |       |     2 ||     2
  Eat: Royal jelly       |     1 |       ||     1
Armor: Leather armour    |    19 |     3 ||    22
Dodge: Dodged            |    35 |    16 ||    51
